Map: 애씨드 플랜트 - 래더

Players

Bunny - Winner!

  • Race: Terran Terran
  • League: Diamond
  • Spawn Location: 5:00

soO

  • Race: Zerg Zerg
  • League: Master
  • Spawn Location: 11:00

Event: HomeStory Cup XVIII

VOD

Have the link to the VOD?

Description

Time

  • Played on: Nov. 23, 2018, 8:28 a.m.
  • Length: 9:20

All games in this series

Show
View Real Time Build Order
Export as new Build Order

Bunny Terran - Winner!

Build Orders: Reaper Expand 

Get SALT Encoding   

  12  0:00  SCV  
  13  0:12  SCV  
  14  0:17  Supply Depot  
  14  0:24  SCV  
  15  0:38  SCV  
  15  0:39  Barracks  
  16  0:43  Refinery  
  16  0:50  SCV  
  17  1:02  SCV  
  18  1:15  SCV  
  19  1:26  Reaper  
  19  1:27  Orbital Command  
  20  1:38  Command Center  
  20  1:49  Supply Depot  
  20  1:52  SCV  
  21  1:58  Marine  
  22  2:04  SCV  
  22  2:06  Factory  
  23  2:10  Refinery  
  23  2:16  SCV  
  23  2:20  Barracks Reactor  
  24  2:28  SCV  
  25  2:40  SCV  
  26  2:50  Orbital Command  
  26  2:52  Starport, SCV  
  27  3:00  Hellion  
  27  3:01  Hellion  
  27  3:05  SCV  
  32  3:06  Barracks Tech Lab  
  32  3:16  SCV  
  32  3:17  SCV  
  34  3:21  Hellion  
  34  3:22  Hellion  
  34  3:26  Supply Depot  
  38  3:28  SCV  
  38  3:29  SCV  
  40  3:36  Viking  
  40  3:40  SCV  
  40  3:41  SCV  
  43  3:52  SCV  
  43  3:53  Command Center, SCV  
  45  4:04  SCV  
  45  4:05  Supply Depot, SCV  
  47  4:11  Stimpack  
  48  4:19  SCV x2  
  50  4:27  Engineering Bay, Barracks  
  50  4:28  Barracks  
  50  4:30  Engineering Bay  
  49  4:32  Factory Reactor, Starport Reactor  
  49  4:36  SCV x2  
  51  4:42  Marine  
  52  4:48  SCV x2  
  52  4:51  Refinery x2  
  51  5:00  Marine, SCV x2  
  51  5:01  Terran Infantry Weapons Level 1, Terran Infantry Armor Level 1  
  51  5:06  Orbital Command  
  54  5:12  SCV x2  
  56  5:14  Marine x2  
  56  5:17  Factory Tech Lab, Marine, Medivac x2  
  63  5:24  Marine x2  
  63  5:26  SCV x2  
  67  5:29  Supply Depot  
  67  5:32  Marine x2  
  72  5:35  Siege Tank  
  72  5:36  Marine  
  72  5:42  Marine x2, SCV x2  
  75  5:45  Supply Depot  
  75  5:47  Supply Depot  
  77  5:51  Marine x2, Medivac x2  
  77  5:54  Orbital Command  
  77  5:55  Marine  
  84  5:58  SCV  
  85  6:07  Marine x2, Siege Tank, SCV  
  85  6:08  Armory, Marine  
  85  6:10  SCV  
  93  6:19  SCV  
  93  6:21  SCV  
  93  6:22  Barracks  
  93  6:23  Marine x2  
  93  6:24  Marine x2, Barracks  
  99  6:29  SCV  
  99  6:31  SCV  
  101  6:42  Supply Depot, Marine  
  101  6:43  Supply Depot, SCV  
  101  6:44  Marine x2  
  101  6:51  SCV x2  
  95  6:55  SCV  
  95  6:56  Marine  
  95  6:57  Marine  
  95  7:00  Marine  
  99  7:02  Marine, Factory, Refinery  
  99  7:03  Widow Mine, SCV x2  
  99  7:05  Supply Depot x2  
  99  7:06  Medivac x2  
  99  7:07  SCV  
  108  7:18  Marine  
  108  7:19  Marine x2  
  108  7:20  Barracks Reactor  
  110  7:27  Drilling Claws  
  110  7:28  Supply Depot x2  
  110  7:30  Barracks Reactor  
  110  7:32  SCV x2  
  110  7:33  SCV  
  110  7:36  Marine x5  
  117  7:41  Widow Mine, Medivac  
  117  7:42  Medivac  
  122  7:51  SCV x2  
  119  7:53  Marine  
  119  7:54  Marine  
  119  7:57  Marine  
  119  7:58  Marine x4  
  120  8:02  Supply Depot, Widow Mine, Barracks  
  119  8:09  Supply Depot, Factory Reactor  
  119  8:11  Marine  
  119  8:12  Marine  
  121  8:13  Marine x2  
  121  8:15  Marine  
  121  8:16  Marine x4  
  128  8:22  Barracks  
  128  8:24  Barracks  
  128  8:28  Widow Mine  
  128  8:31  Marauder  
  129  8:37  Marine x6  
  129  8:38  Marine x2  
  136  8:44  Medivac  
  136  8:45  Medivac  
  136  8:47  Widow Mine x2  
  134  8:49  Widow Mine  
  134  8:51  Marine, Barracks Tech Lab  
  134  8:54  Marine, Sensor Tower  
  134  8:55  Marine x5  
  142  9:01  Marine x2  
Show
View Real Time Build Order
Export as new Build Order

soO Zerg 

Build Orders: Hatch First, Muta Ling Bane 

Get SALT Encoding   

  12  0:00  Drone  
  13  0:12  Overlord  
  13  0:16  Drone  
  14  0:30  Drone x2  
  14  0:34  Drone  
  17  0:51  Hatchery  
  17  0:54  Drone  
  17  0:57  Drone  
  18  1:08  Extractor  
  17  1:12  Spawning Pool  
  17  1:15  Drone  
  17  1:18  Drone  
  18  1:29  Drone  
  19  1:38  Overlord  
  19  1:58  Queen  
  19  1:59  Zergling x2  
  19  2:00  Zergling x2  
  23  2:03  Queen, Drone  
  23  2:08  Metabolic Boost  
  26  2:15  Drone  
  27  2:26  Spore Crawler  
  27  2:27  Drone  
  27  2:33  Drone  
  28  2:38  Queen, Overlord  
  28  2:39  Drone  
  31  2:45  Drone x2  
  31  2:49  Drone  
  34  2:59  Hatchery  
  33  3:08  Drone x2  
  33  3:10  Drone x3  
  33  3:12  Drone  
  39  3:16  Drone  
  40  3:20  Queen  
  40  3:24  Overlord  
  42  3:36  Drone  
  42  3:37  Drone, Overlord  
  44  3:45  Drone x2  
  44  3:47  Drone x3  
  48  3:51  Overlord  
  48  3:53  Drone x2  
  50  3:56  Queen  
  50  4:00  Zergling x4  
  54  4:06  Zergling x4  
  56  4:11  Evolution Chamber  
  56  4:12  Drone, Evolution Chamber  
  56  4:13  Queen  
  56  4:16  Drone x2  
  59  4:24  Drone x4  
  59  4:25  Drone  
  59  4:30  Overlord  
  64  4:38  Zergling x4  
  66  4:39  Overlord  
  66  4:41  Overlord  
  66  4:42  Zerg Ground Armor Level 1, Zerg Melee Weapons Level 1  
  66  4:48  Overlord  
  66  4:56  Drone x3  
  66  4:57  Drone  
  66  4:59  Zergling x2  
  68  5:04  Drone x3  
  68  5:05  Drone x2  
  68  5:06  Lair  
  73  5:07  Spore Crawler  
  73  5:08  Drone x3  
  73  5:12  Drone x2  
  73  5:13  Drone x2  
  79  5:14  Extractor x2  
  77  5:22  Zergling x2  
  77  5:23  Zergling x4  
  80  5:30  Extractor  
  80  5:31  Extractor, Drone, Baneling Nest  
  80  5:33  Drone x2  
  80  5:37  Hatchery  
  80  5:39  Drone x4  
  80  5:40  Extractor  
  82  5:46  Zergling x14  
  88  5:53  Drone x2  
  88  5:54  Drone  
  91  6:03  Burrow  
  91  6:09  Drone x2, Hatchery  
  92  6:12  Zergling x10  
  92  6:14  Overlord  
  97  6:19  Spire  
  97  6:24  Overlord  
  96  6:29  Drone x2  
  96  6:30  Overlord  
  98  6:36  Zergling x14  
  93  6:55  Drone x2  
  93  6:57  Zerg Melee Weapons Level 2, Centrifical Hooks, Zerg Ground Armor Level 2  
  93  7:00  Drone x11  
  106  7:04  Overseer  
  106  7:12  Zergling x10  
  98  7:23  Zergling x2  
  98  7:24  Zergling x8  
  92  7:31  Zergling x2  
  92  7:32  Zergling x12  
  95  7:37  Mutalisk x2  
  94  7:44  Mutalisk x4  
  94  7:50  Mutalisk  
  97  7:52  Mutalisk  
  97  7:53  Mutalisk  
  98  7:59  Mutalisk  
  98  8:03  Mutalisk  
  98  8:04  Zergling x4  
  102  8:06  Zergling x2  
  102  8:08  Baneling  
  102  8:09  Baneling  
  102  8:10  Baneling x4  
  103  8:13  Queen x2  
  103  8:14  Zergling x2  
  103  8:16  Mutalisk  
  103  8:19  Zergling x4  
  112  8:28  Zergling x8  
  114  8:34  Mutalisk  
  113  8:48  Mutalisk x3  
  105  8:49  Zergling x2  
  105  8:50  Zergling x6  
  105  8:54  Mutalisk  
  105  8:55  Zergling x6  
Tags
 
Add a new tag
Caveats
  • Supply blocks, unpowered buildings, or Contaminate may cause inaccurate times.
  • Supply counts are checked every 10 seconds.